AoeStats
← Alfredo666

Coastal Forest

503237501Analyzed
2v2 RM · 11d ago on Aug 30, 2026· 57m 32s· 4 players
Game mode
Random Map
Map size
Medium (4 player)
Population
200
Speed
Normal
Resources
Standard
Victory
Conquest
Starting age
Dark Age
Ending age
Imperial Age
RankedLock teamsTeams togetherTeam positionsShared explorationLock speedFull tech treeHidden civsTurbo modeCheats
Victory
Defeat
🇮🇳 Shu · India
1011
+15
🇮🇳 Malay · India
1010
+15
🇩🇪 Mongols · Germany
1009
-16
🇩🇪 Cumans · Germany
975
-14
flosen14
12:23 Feudal Age
19:22 Castle Age
24:59 Double-Bit Axe
25:08 Horse Collar
33:02 Elite Skirmisher
36:10 Bloodlines
38:52 Bow Saw
39:38 Scale Barding Armor
39:45 Forging
40:54 Wheelbarrow
41:01 Chain Barding Armor
40:36 Fletching
42:14 Capped Ram
55:00 Imperial Age
Alfredo666
10:59 Feudal Age
9:15 Loom
11:31 Double-Bit Axe
11:41 Horse Collar
17:12 Scale Barding Armor
17:17 Forging
20:18 Castle Age
20:50 Fletching
21:32 Chain Barding Armor
23:05 Bodkin Arrow
23:11 Padded Archer Armor
23:38 Elite Skirmisher
25:11 Squires
25:52 Iron Casting
25:32 Leather Archer Armor
27:36 Town Watch
27:57 Husbandry
28:08 Bloodlines
29:23 Thumb Ring
29:44 Bow Saw
29:46 Heavy Plow
33:37 Town Patrol
34:14 Wheelbarrow
36:35 Ballistics
40:18 Imperial Age
40:25 Hand Cart
41:25 Bracer
41:56 Conscription
44:08 Elite Mangudai
46:50 Chemistry
Shanks ehh
7:16 Loom
11:02 Feudal Age
12:20 Double-Bit Axe
12:29 Town Watch
15:07 Gold Mining
15:38 Fletching
17:01 Wheelbarrow
22:58 Castle Age
23:15 Crossbowman
24:29 Bodkin Arrow
24:35 Padded Archer Armor
25:42 Thumb Ring
25:55 Bow Saw
25:49 Town Patrol
28:49 Stone Mining
29:52 Leather Archer Armor
30:42 Gold Shaft Mining
35:40 Ballistics
35:30 Masonry
38:49 Murder Holes
41:26 Hand Cart
43:37 Horse Collar
47:04 Imperial Age
45:20 Heavy Plow
47:47 Bolt Magazine
48:07 Conscription
47:13 Arbalester
47:28 Arbalester
48:39 Bracer
49:10 Ring Archer Armor
50:21 Chemistry
49:27 Siege Engineers
lonelion_
8:24 Loom
12:19 Feudal Age
12:42 Double-Bit Axe
13:03 Horse Collar
14:30 Man-at-Arms
20:08 Wheelbarrow
23:17 Castle Age
21:04 Town Watch
23:15 Bow Saw
23:10 Heavy Plow
22:33 Long Swordsman
23:13 Squires
22:59 Arson
23:21 Squires
23:06 Arson
25:47 Pikeman
28:45 Hand Cart
32:50 Gold Mining
32:52 Stone Mining
37:49 Imperial Age
37:14 Two-Handed Swordsman
38:26 Caravan
39:37 Forced Levy
39:57 Conscription
39:01 Elite Karambit Warrior
39:42 Halberdier
42:00 Crop Rotation
Connection lost

Rejoining the realm…

Still unreachable

The connection could not be restored.

Session expired

The server has moved on; the page needs a fresh start.